 Dungeon Crawl Stone Soup version 0.30.1-11-g7821555f0a (webtiles) character file.

Game seed: 3593551385866866454

93 Martska the Trooper (level 4, -3/29 HPs)
             Began as a Gargoyle Fighter on Dec 14, 2023.
             Slain by Edmund
             ... wielding a +3 flail of protection
              (11 damage)
             ... on level 4 of the Dungeon.
             The game lasted 00:01:04 (645 turns).

Martska the Trooper (Gargoyle Fighter)               Turns: 645, Time: 00:01:04

Health: -3/29      AC: 11    Str: 21    XL:     4   Next: 61%
Magic:  4/4        EV:  9    Int:  9    God:
Gold:   109        SH:  4    Dex:  9    Spells: 3/3 levels left

rFire   . . .        a - +0 flail
rCold   . . .        c - +0 buckler
rNeg    + . .        b - +0 scale mail
rPois   ∞            (no helmet)
rElec   +            (no cloak)
rCorr   .            k - +0 pair of gloves
SInv    .            (no boots)
Will    .....        (no amulet) Stlth
                     (no ring)
HPRegen 0.24/turn    (no ring)
MPRegen 0.09/turn

%: no passive effects
@: mighty
A: sickness immunity, AC +3, negative energy resistance 1, electricity
resistance, torment resistance 1, petrification resistance
a: no special abilities


You were on level 4 of the Dungeon.
You visited 1 branch of the dungeon, and saw 3 of its levels.

You collected 109 gold pieces.

Inventory:

Hand Weapons
 a - a +0 flail (weapon)
Armour
 b - a +0 scale mail (worn)
 c - a +0 buckler (worn)
 k - a +0 pair of gloves (worn)
Jewellery
 h - a ring of protection from cold
Scrolls
 g - a scroll of identify {unknown}
 i - a scroll of silence {unknown}
Potions
 e - a potion of resistance {unknown}
 f - a potion of heal wounds {unknown}
 j - 2 potions of lignification {unknown}


   Skills:
 * Level 4.1 Fighting
 * Level 2.8 Maces & Flails
 + Level 3.7 Armour
 * Level 1.3 Dodging
 + Level 3.6 Shields


You had 3 spell levels left.
You didn't know any spells.
Your spell library was empty.

Dungeon Overview and Level Annotations

Branches:
Dungeon (2/15)

Altars:

Annotations:
D:4 Edmund


Innate Abilities, Weirdness & Mutations

You are immune to sickness and miasma.
Your stone body is resilient. (AC +3)
You are immune to poison.
You resist negative energy. (rN+)
You are resistant to electric shocks. (rElec)
You are resistant to unholy torment.
You are immune to petrification.


Message History

No target in view!
No target in view!
No target in view!
No target in view!
No target in view!
No target in view!
No target in view!
No target in view!
You hear the slow hiss of a very distant avalanche of sand.
You now have 109 gold pieces (gained 19).
A jelly comes into view.
The jelly quivers.
Found a pair of gloves.
The jelly hits you.
You are splashed with acid!
You hit the jelly.
Your hands burn!
The jelly is lightly wounded.
You block the jelly's attack. The jelly hits you but does no damage.
You sock the jelly!
Your hands burn!
The jelly is almost dead.
The jelly hits you but does no damage.
You hit the jelly.
You kill the jelly!
Your Fighting skill increases to level 4!
j - 2 clear potions
There are no items here.
There are no items here.
Edmund the Younger comes into view.
He is wielding a +3 flail of protection.
You see here a +0 pair of gloves.
k - a +0 pair of gloves You start putting on your armour.
You continue putting on your +0 pair of gloves. x4
Edmund closely misses you.
You finish putting on your +0 pair of gloves.
You feel very mighty all of a sudden.
Edmund hits you with a +3 flail of protection!
* * * LOW HITPOINT WARNING * * *
You hit Edmund.
Edmund is lightly wounded.
Edmund hits you with a +3 flail of protection!
You die...

..........###.....#....
...........# #..#.......
...#.......###.....##...
...#.......#....#####...
................ ..< .
##.......#....## ..
#..#.......##....
#....@....# ..##
###...@...# .# #......##
# #....#....
.............
##..#######..# #.. ..# .
... ## . ... . .


You could see Edmund.

Vanquished Creatures
  A hound (D:4)
  A jelly (D:4)
  A dart slug (D:1)
  8 ball pythons
  2 endoplasms (D:1)
  3 giant cockroaches
  3 goblins
  4 hobgoblins
  2 quokkas
  A frilled lizard (D:1)
  4 rats
30 creatures vanquished.

Notes
Turn   | Place    | Note
-------+----------+-------------------------------------------
     0 | D:1      | Martska the Gargoyle Fighter began the quest for the Orb.
     0 | D:1      | Reached XP level 1. HP: 14/14 MP: 1/1
    50 | D:1      | Reached XP level 2. HP: 19/19 MP: 2/2
   362 | D:1      | Reached XP level 3. HP: 24/24 MP: 3/3
   513 | D:2      | You fall into a shaft and drop 2 floors!
   548 | D:4      | Reached skill level 1 in Dodging
   548 | D:4      | Reached XP level 4. HP: 27/29 MP: 4/4
   630 | D:4      | Reached skill level 4 in Fighting
   637 | D:4      | Noticed Edmund
   645 | D:4      | Slain by Edmund

Illustrated notes

Levels and vault maps discovered:
D:1:      lemuel_arrival_broad_hall, layout_rooms
D:2:      layout_rooms
D:4:      layout_basic, chequers_ossuary_entry_cave, uniq_edmund

Skill      XL: |  1  2  3  4 |
---------------+-------------+-----
Dodging        | 1 |  1.3
Fighting       | 4 |  4.1
Maces & Flails | |  2.8
Armour         | |  3.7
Shields        | |  3.6

Action                     |  1- 3 |  4- 6 || total
---------------------------+-------+-------++-------
  Melee: Flail             |    90 |     6 ||    96
    Use: Potion            |       |     1 ||     1
 Armour: Scale mail        |    57 |     2 ||    59
  Dodge: Dodged            |    41 |     1 ||    42
  Block: Buckler           |    24 |     2 ||    26
